[Event "Titled Tuesday Blitz July 6 2021"]
[White "Deviprasath, Sharvesh"]
[Black "Samunenkov, Ihor"]
[WhiteFideId "30938228"]
[BlackFideId "14187086"]
[WhiteElo "2102"]
[BlackElo "2281"]
[Result "1/2-1/2"]
[Round "04"]
[TimeControl "180+1"]
[Date "2021.07.06"]
[WhiteClock "0:00:40"]
[BlackClock "0:00:09"]

1. Nf3 c5 2. c4 Nc6 3. Nc3 e5 4. e3 Nf6 5. d4 e4 6. d5 exf3 7. dxc6 dxc6 8. Qxd8+ Kxd8 9. gxf3 Kc7 10. Rg1 g6 11. Bd2 Bg7 12. O-O-O Be6 13. h4 Rad8 14. Rg3 Nh5 15. Rg1 f5 16. f4 Bf6 17. Be2 Bxh4 18. Bxh5 gxh5 19. Rh1 Bxf2 20. Rxh5 Rd3 21. Na4 Bxc4 22. Nxc5 Rd5 23. Ne6+ Kd7 24. Nd4 Bd3 25. Rh2 Bg3 26. Rh3 Bf2 27. Rh2 Bg3 28. Rh3 Bf2 29. Rh2 1/2-1/2


[Site "https://www.chess.com"]

[Event "Titled Tuesday Blitz July 6 2021"]
[White "Do Nascimento,Christian Almeida"]
[Black "Sardana, Rishi"]
[WhiteFideId "2143801"]
[BlackFideId "25004301"]
[WhiteElo "2083"]
[BlackElo "2340"]
[Result "0-1"]
[Round "04"]
[TimeControl "180+1"]
[Date "2021.07.06"]
[WhiteClock "0:00:04"]
[BlackClock "0:00:54"]

1. d4 Nf6 2. Bg5 d5 3. Bxf6 exf6 4. e3 c6 5. c4 dxc4 6. Bxc4 Bd6 7. Nf3 O-O 8. O-O Re8 9. Nc3 Nd7 10. Qb3 Qe7 11. Rfe1 Nb6 12. Bd3 Bg4 13. Be2 Rad8 14. h3 Be6 15. Qc2 f5 16. Bd3 g6 17. e4 fxe4 18. Nxe4 Nd5 19. a3 Nf4 20. Neg5 Qf6 21. Bc4 Bd5 22. Bxd5 cxd5 23. h4 h6 24. Qa4 Rxe1+ 25. Rxe1 hxg5 26. Nxg5 Kg7 27. Re8 Rxe8 28. Qxe8 Qe7 29. Qc8 Qe1+ 30. Kh2 Ne2+ 31. Kh3 Qh1+ 32. Kg4 Qxg2# 0-1


[Site "https://www.chess.com"]

[Event "Titled Tuesday Blitz July 6 2021"]
[White "Donchenko, Alexander"]
[Black "Bartel, Michal"]
[WhiteFideId "24603295"]
[BlackFideId "1119257"]
[WhiteElo "2553"]
[BlackElo "2271"]
[Result "0-1"]
[Round "04"]
[TimeControl "180+1"]
[Date "2021.07.06"]
[WhiteClock "0:00:10"]
[BlackClock "0:00:17"]

1. Nf3 d5 2. d4 Nc6 3. e3 Bg4 4. Bb5 Qd6 5. h3 Bxf3 6. Qxf3 Nf6 7. O-O a6 8. Bxc6+ Qxc6 9. Na3 e6 10. b3 Ne4 11. c4 Bxa3 12. Bxa3 Nd2 13. Qf4 Nxf1 14. cxd5 Qxd5 15. Rxf1 Qd7 16. Rc1 O-O-O 17. Bc5 Kb8 18. a4 f6 19. b4 Rhe8 20. b5 e5 21. dxe5 fxe5 22. Qb4 Qd2 23. Qb1 axb5 24. axb5 b6 25. Bb4 Qd3 26. Qa2 Qxb5 27. Ra1 Qc6 28. Qa7+ Kc8 29. Ra3 Qb7 30. Qa4 Re6 31. Rc3 Rg6 32. g4 h5 33. Be7 hxg4 0-1


[Site "https://www.chess.com"]

[Event "Titled Tuesday Blitz July 6 2021"]
[White "Dubov, Daniil"]
[Black "Travadon, Loic"]
[WhiteFideId "24126055"]
[BlackFideId "26092131"]
[WhiteElo "2722"]
[BlackElo "2095"]
[Result "1-0"]
[Round "04"]
[TimeControl "180+1"]
[Date "2021.07.06"]
[WhiteClock "0:01:00"]
[BlackClock "0:01:24"]

1. d4 g6 2. Nf3 Bg7 3. e4 d6 4. Bc4 e6 5. O-O h6 6. Re1 a6 7. Nbd2 Nf6 8. e5 Nfd7 9. exd6 cxd6 10. Ne4 Nb6 11. Bd3 Nc6 12. Bf4 d5 13. Nd6+ Kf8 14. Bg3 Bf6 15. Ne5 Nxe5 16. dxe5 Be7 17. Bxg6 Bxd6 18. Qf3 f5 19. exd6 Rg8 20. Bxf5 Qf6 21. Bxe6 Qxf3 22. gxf3 Rg6 23. Bxc8 Rxc8 24. c3 h5 25. Kh1 Nc4 26. Rad1 h4 27. Bxh4 Nxd6 28. Rxd5 Re8 29. Rxe8+ Kxe8 30. Bg3 Nc4 31. b3 Nb6 32. Rd6 Rxd6 33. Bxd6 Nd5 34. Be5 Kf7 35. Kg2 Ke6 36. f4 Kf5 37. Kf3 b5 38. h4 a5 39. h5 a4 40. bxa4 bxa4 41. h6 Kg6 42. Ke4 Nb6 43. Bg7 a3 44. f5+ Kf7 45. Bd4 Kg8 46. Bxb6 1-0


[Site "https://www.chess.com"]

[Event "Titled Tuesday Blitz July 6 2021"]
[White "Espinosa Veloz, Ermes"]
[Black "Maghsoodloo, Parham"]
[WhiteFideId "3507424"]
[BlackFideId "12539929"]
[WhiteElo "2333"]
[BlackElo "2601"]
[Result "0-1"]
[Round "04"]
[TimeControl "180+1"]
[Date "2021.07.06"]
[WhiteClock "0:00:07"]
[BlackClock "0:01:20"]

1. e4 e5 2. Nf3 Nc6 3. Bc4 Bc5 4. c3 Nf6 5. b4 Bb6 6. d3 d6 7. O-O Be6 8. Nbd2 O-O 9. a4 a5 10. b5 Ne7 11. h3 Ng6 12. Bxe6 fxe6 13. Nc4 Bc5 14. Be3 Bxe3 15. fxe3 Nd7 16. Kh2 d5 17. Ncd2 Nc5 18. exd5 exd5 19. d4 Nd3 20. Qb3 Kh8 21. c4 dxc4 22. Qxc4 Nb4 23. d5 Nxd5 24. Rae1 Nb6 25. Qb3 Qd6 26. Ne4 Qb4 27. Qxb4 axb4 28. Rc1 Nd5 29. Rc5 Nge7 30. Rd1 b3 31. Nxe5 Rxa4 32. Ng5 b6 33. Rcc1 h6 34. Ne6 Rf2 35. Rf1 b2 36. Rb1 Rxf1 37. Rxf1 Ra1 38. Rf8+ Kh7 39. Nf4 Nxf4 40. exf4 b1=Q 0-1


[Site "https://www.chess.com"]

[Event "Titled Tuesday Blitz July 6 2021"]
[White "Fernandez, Michael"]
[Black "Quparadze, Giga"]
[WhiteFideId "5803560"]
[BlackFideId "13602250"]
[WhiteElo "2110"]
[BlackElo "2658"]
[Result "0-1"]
[Round "04"]
[TimeControl "180+1"]
[Date "2021.07.06"]
[WhiteClock "0:00:36"]
[BlackClock "0:02:28"]

1. e4 c5 2. Nf3 e6 3. b4 cxb4 4. d4 d5 5. e5 Ne7 6. Bd3 Nf5 7. a3 Nc6 8. O-O Be7 9. axb4 Nxb4 10. Ba3 O-O 11. Bxb4 Bxb4 12. c3 Be7 13. Nbd2 Nh4 14. Nxh4 Bxh4 15. Qh5 g6 16. Qg4 f5 17. exf6 Bxf6 18. Qg3 Bh4 19. Qe3 a6 20. Nf3 Bf6 21. Qh6 Bd7 22. Rfe1 Qe7 23. Ne5 Be8 24. f4 Bg7 25. Qg5 Qxg5 26. fxg5 Rc8 27. Rec1 Bxe5 28. dxe5 Bf7 29. Rab1 b5 30. Ra1 Rc6 31. Ra5 Be8 32. Be2 Bd7 33. g3 Rf5 34. Rca1 Bc8 35. h4 Rxe5 36. Kf2 Rxc3 0-1


[Site "https://www.chess.com"]

[Event "Titled Tuesday Blitz July 6 2021"]
[White "Gontcharov, Vladislav"]
[Black "Khamrakulov, Djurabek"]
[WhiteFideId "4123492"]
[BlackFideId "14201143"]
[WhiteElo "2503"]
[BlackElo "2535"]
[Result "0-1"]
[Round "04"]
[TimeControl "180+1"]
[Date "2021.07.06"]
[WhiteClock "0:00:36"]
[BlackClock "0:00:50"]

1. e4 e5 2. Nf3 Nf6 3. Nxe5 d6 4. Nf3 Nxe4 5. Nc3 Nf6 6. d4 Be7 7. h3 O-O 8. Bd3 d5 9. O-O Nbd7 10. Re1 Re8 11. Bg5 Nf8 12. Bxf6 gxf6 13. Nh4 c6 14. Ne2 Ng6 15. Nf3 Bd6 16. c3 f5 17. Qc2 Qf6 18. Rad1 f4 19. Nc1 Be6 20. Nb3 b6 21. a3 Kh8 22. c4 Rg8 23. cxd5 cxd5 24. Kh1 Nh4 25. Nxh4 Qxh4 26. Bf5 Qg5 27. Bg4 Bxg4 28. hxg4 Qxg4 29. f3 Qh5+ 30. Kg1 Qxf3 31. Rd3 Rxg2+ 32. Qxg2 Qxd3 33. Qxd5 Rg8+ 34. Kf2 Qg3+ 35. Kf1 f3 0-1


[Site "https://www.chess.com"]

[Event "Titled Tuesday Blitz July 6 2021"]
[White "Grischuk, Alexander"]
[Black "Vogel, Roven"]
[WhiteFideId "4126025"]
[BlackFideId "12908088"]
[WhiteElo "2765"]
[BlackElo "2516"]
[Result "1-0"]
[Round "04"]
[TimeControl "180+1"]
[Date "2021.07.06"]
[WhiteClock "0:00:14"]
[BlackClock "0:00:02"]

1. e4 e5 2. Nf3 Nc6 3. Bb5 Nf6 4. d3 Bc5 5. Bxc6 dxc6 6. Nc3 O-O 7. Bg5 Qd6 8. h3 a5 9. a4 Re8 10. O-O Nd7 11. Ne2 Nf8 12. Ng3 Qg6 13. Kh2 f5 14. exf5 Bxf5 15. Be3 Bxe3 16. fxe3 Bd7 17. Qd2 Qd6 18. e4 Ng6 19. b3 b6 20. Rf2 Rf8 21. Raf1 Rf4 22. Nh5 Rff8 23. Qg5 Qc5 24. Qd2 Qd6 25. Kg1 h6 26. Qc3 c5 27. Nd2 Rxf2 28. Rxf2 Qd4 29. Qc4+ Qxc4 30. Nxc4 Rf8 31. g4 Be6 32. Ne3 Nf4 33. Nxf4 exf4 34. Nf5 g6 35. Nxh6+ Kg7 36. g5 Bxh3 37. Rh2 Be6 38. Kf2 c6 39. Kf3 b5 40. Ng4 Bxg4+ 41. Kxg4 bxa4 42. bxa4 Rb8 43. Kxf4 Rb4 44. Ke5 Rxa4 45. Kd6 c4 46. Kxc6 cxd3 47. cxd3 Ra1 48. d4 a4 49. e5 a3 50. Kd6 a2 51. d5 Kf7 52. e6+ Kg7 53. e7 Kf7 54. Rf2+ 1-0


[Site "https://www.chess.com"]

[Event "Titled Tuesday Blitz July 6 2021"]
[White "Gunina, Valentina"]
[Black "Nakamura, Hikaru"]
[WhiteFideId "4167570"]
[BlackFideId "2016192"]
[WhiteElo "2399"]
[BlackElo "2900"]
[Result "0-1"]
[Round "04"]
[TimeControl "180+1"]
[Date "2021.07.06"]
[WhiteClock "0:00:01"]
[BlackClock "0:00:19"]

1. d4 g6 2. c4 Bg7 3. e4 d6 4. Be2 Nc6 5. Nf3 e5 6. d5 Nce7 7. Be3 f5 8. exf5 gxf5 9. Nc3 Nf6 10. Ng5 O-O 11. f4 exf4 12. Bxf4 Ng6 13. Bd2 Ng4 14. h3 Be5 15. O-O Bd4+ 16. Kh1 Nf2+ 17. Rxf2 Bxf2 18. Bd3 Ne5 19. Qh5 Qe7 20. Bc2 Nxc4 21. Bf4 Bd7 22. Rf1 Bd4 23. Ne2 Bxb2 24. Ng3 Be5 25. Ne6 Bxe6 26. dxe6 Qxe6 27. Nxf5 Kh8 28. Nxd6 Qe7 29. Nf5 Qf7 30. Qh4 Bxf4 31. Qxf4 Nd6 32. Qd4+ Qf6 33. Qc5 Nxf5 34. Rxf5 Qg7 35. Rg5 Qa1+ 36. Kh2 Qf6 37. Qxc7 Qf4+ 38. Qxf4 Rxf4 39. Re5 Rf7 40. Bb3 Rc7 41. Rf5 a5 42. Rb5 a4 43. Bd5 Rd8 44. Bf3 Rd2 45. Bxb7 Rxa2 46. Bd5 Rac2 47. Rb8+ Rc8 48. Rb4 R2c5 49. Ba2 Ra5 50. Rb7 a3 51. Rf7 Rc2 52. Rf8+ Kg7 53. Rg8+ Kf6 54. Bb3 Rb2 55. Bc4 a2 56. Bxa2 Raxa2 0-1


[Site "https://www.chess.com"]

[Event "Titled Tuesday Blitz July 6 2021"]
[White "Hamley, Ryan"]
[Black "Kobo, Ori"]
[WhiteFideId "30959497"]
[BlackFideId "2812320"]
[WhiteElo "2458"]
[BlackElo "2431"]
[Result "0-1"]
[Round "04"]
[TimeControl "180+1"]
[Date "2021.07.06"]
[WhiteClock "0:00:01"]
[BlackClock "0:00:57"]

1. e4 c5 2. Nf3 d6 3. c3 Nf6 4. Bd3 Nc6 5. Bc2 Bg4 6. d3 e6 7. Nbd2 Be7 8. h3 Bh5 9. Nf1 Ne5 10. g4 Nxf3+ 11. Qxf3 Bg6 12. Ng3 Nd7 13. Be3 O-O 14. Qe2 Bh4 15. O-O d5 16. Rad1 Qc7 17. Kg2 Qc6 18. exd5 exd5 19. d4 Bxg3 20. Kxg3 c4 21. Rde1 Rae8 22. Qd2 f5 23. gxf5 Bxf5 24. Bxf5 Rxf5 0-1


[Site "https://www.chess.com"]

[Event "Titled Tuesday Blitz July 6 2021"]
[White "Hebden, Mark L"]
[Black "Serikbay, Assel"]
[WhiteFideId "400084"]
[BlackFideId "13706799"]
[WhiteElo "2457"]
[BlackElo "2044"]
[Result "1-0"]
[Round "04"]
[TimeControl "180+1"]
[Date "2021.07.06"]
[WhiteClock "0:00:50"]
[BlackClock "0:00:01"]

1. d4 d5 2. Nf3 Nf6 3. c4 c6 4. e3 a6 5. Bd2 Bg4 6. Qb3 Qc8 7. Bb4 Nbd7 8. Ne5 a5 9. Ba3 a4 10. Qc2 Nxe5 11. dxe5 Bf5 12. Bd3 Bxd3 13. Qxd3 dxc4 14. Qxc4 Nd5 15. e4 b5 16. Qc2 Nf4 17. O-O g6 18. g3 Ne6 19. Nd2 c5 20. Rac1 Nd4 21. Qd3 e6 22. Nf3 Nxf3+ 23. Qxf3 Be7 24. Qe3 O-O 25. Bxc5 Bxc5 26. Qxc5 Qd7 27. Rfd1 Qb7 28. Qc6 Rab8 29. Qxb7 Rxb7 30. Rd6 b4 31. Kf1 Kg7 32. f4 Rfb8 33. Ke2 h6 34. Kd3 b3 35. a3 Rb5 36. Rc4 Ra5 37. Rd7 Rba8 38. Rcc7 Rf8 39. Re7 g5 40. Rxe6 Kg8 41. Rxh6 gxf4 42. gxf4 Rd8+ 43. Rd6 Rb8 44. Rdd7 Rf8 45. Kd4 Kg7 46. f5 1-0


[Site "https://www.chess.com"]

[Event "Titled Tuesday Blitz July 6 2021"]
[White "Hryshchenko, Kamila"]
[Black "Gracia Alvarez, Gerardo Antonio"]
[WhiteFideId "14147491"]
[BlackFideId "5109124"]
[WhiteElo "1966"]
[BlackElo "2148"]
[Result "0-1"]
[Round "04"]
[TimeControl "180+1"]
[Date "2021.07.06"]
[WhiteClock "0:00:16"]
[BlackClock "0:00:06"]

1. e4 c5 2. Nf3 Nc6 3. Bb5 g6 4. Nc3 Bg7 5. O-O Nd4 6. Nxd4 cxd4 7. Ne2 e6 8. c3 a6 9. Ba4 d3 10. Nf4 b5 11. Bb3 Bb7 12. Re1 Ne7 13. Nxd3 O-O 14. Nc5 Bc6 15. d4 d5 16. e5 Nc8 17. Bc2 Nb6 18. Bf4 Nd7 19. Nd3 f6 20. exf6 Qxf6 21. Qd2 Rae8 22. Bg5 Qf7 23. f4 Nb6 24. b3 Nc8 25. Ne5 Qb7 26. Re2 Nd6 27. Rae1 Bd7 28. Qe3 Nf5 29. Qh3 Qc7 30. g4 Nd6 31. Re3 Bc8 32. Qh4 b4 33. Rh3 Bxe5 34. fxe5 Ne4 35. Bxe4 dxe4 36. c4 Rf3 37. Rxe4 Qf7 38. Bf6 Rxh3 39. Qxh3 Bb7 40. Rf4 Ba8 41. Qh6 Qb7 42. d5 exd5 43. cxd5 Rc8 44. Rc4 Rc7 45. Kf2 Qb6+ 46. Qe3 Qb7 47. Qd4 Rd7 48. Rc5 Rxd5 49. Rxd5 Qxd5 50. Qxd5+ Bxd5 51. Ke3 Kf7 52. Bd8 Ke6 53. Kd4 Bf3 54. Ba5 Bxg4 55. Bxb4 Bf5 56. Bd2 Bb1 57. a4 Bc2 58. Kc3 Bd1 59. Bf4 g5 60. Bg3 h5 61. h3 h4 62. Bh2 Be2 63. b4 Bf1 64. Kd4 Bxh3 65. b5 axb5 66. axb5 Bg2 67. Ke3 Bb7 68. Kf2 Kf5 69. Ke3 g4 70. Kf2 Ke6 71. Ke3 g3 72. Bg1 Kxe5 73. Ke2 Kf5 74. Bc5 Kg4 75. Bd6 h3 76. Bxg3 Kxg3 77. Kf1 h2 78. Ke2 h1=Q 79. Ke3 Qf3+ 80. Kd4 Qd5+ 81. Kc3 Qxb5 82. Kd4 Kf4 83. Kc3 Qc5+ 84. Kb3 Ke5 85. Ka4 Ke4 86. Kb3 Kd3 87. Kb2 Qb5+ 88. Kc1 Kc3 89. Kd1 Qd3+ 90. Ke1 Qd2+ 91. Kf1 Qg2+ 92. Ke1 Kd3 93. Kd1 Qd2# 0-1


[Site "https://www.chess.com"]

[Event "Titled Tuesday Blitz July 6 2021"]
[White "Ibrahimli, Murad"]
[Black "Senthil Maran K"]
[WhiteFideId "13410229"]
[BlackFideId "25035681"]
[WhiteElo "2109"]
[BlackElo "2194"]
[Result "1-0"]
[Round "04"]
[TimeControl "180+1"]
[Date "2021.07.06"]
[WhiteClock "0:00:56"]
[BlackClock "0:00:02"]

1. e4 c6 2. d4 d5 3. e5 Bf5 4. h4 h5 5. Bd3 Bxd3 6. Qxd3 e6 7. Bg5 Qa5+ 8. Nd2 Qa6 9. c4 dxc4 10. Nxc4 Bb4+ 11. Kf1 Nd7 12. Nf3 Nb6 13. b3 Nd5 14. g3 Be7 15. Kg2 O-O-O 16. Rhc1 Kb8 17. a3 f6 18. Bd2 Nh6 19. Qe2 Nf5 20. exf6 Bxf6 21. Qxe6 Nxd4 22. Nxd4 Bxd4 23. Ra2 Rhe8 24. Qg6 Re2 25. Rf1 Qb5 26. Qd3 Rde8 27. Qxd4 Qxb3 28. Rb2 Qa4 29. Rxb7+ Ka8 30. Rfb1 Rxd2 31. Qe5 Ne3+ 32. Kh3 c5 33. Rb8+ 1-0


[Site "https://www.chess.com"]

[Event "Titled Tuesday Blitz July 6 2021"]
[White "Jakubowski, Krzysztof"]
[Black "Svidler, Peter"]
[WhiteFideId "1112848"]
[BlackFideId "4102142"]
[WhiteElo "2462"]
[BlackElo "2743"]
[Result "1-0"]
[Round "04"]
[TimeControl "180+1"]
[Date "2021.07.06"]
[WhiteClock "0:00:03"]
[BlackClock "0:00:07"]

1. e4 c5 2. Nf3 Nc6 3. d4 cxd4 4. Nxd4 e6 5. Nc3 Qc7 6. Be3 a6 7. Qf3 Bd6 8. O-O-O Be5 9. Nde2 Nge7 10. Qh5 Ng6 11. g3 d6 12. f4 Bf6 13. Kb1 b5 14. Bg2 Bb7 15. f5 Nge7 16. fxe6 O-O 17. exf7+ Rxf7 18. Bh3 Bc8 19. Bxc8 Rxc8 20. Rc1 Ne5 21. Bd4 b4 22. Nd5 Nxd5 23. exd5 Qc4 24. b3 Qxd5 25. Rhd1 Qb5 26. Qh3 Rfc7 27. Nf4 Re8 28. Nh5 Rf7 29. Re1 a5 30. Bxe5 Bxe5 31. Qg4 g6 32. Re4 Qc5 33. Nf4 Qc3 34. Rxe5 dxe5 35. Nxg6 hxg6 36. Qxg6+ Kf8 37. Qh6+ Ke7 38. Qg5+ Kd7 39. Rd1+ Kc8 40. Qg6 Rfe7 41. Qa6+ Kb8 42. Qb5+ Kc7 43. Qxa5+ Kc6 44. Qa6+ Kc5 45. Qd6+ Kb5 46. Rd5+ 1-0


[Site "https://www.chess.com"]

[Event "Titled Tuesday Blitz July 6 2021"]
[White "Janaszak, Dawid"]
[Black "Makhnev, Denis"]
[WhiteFideId "1119206"]
[BlackFideId "13707647"]
[WhiteElo "2332"]
[BlackElo "2537"]
[Result "1/2-1/2"]
[Round "04"]
[TimeControl "180+1"]
[Date "2021.07.06"]
[WhiteClock "0:00:03"]
[BlackClock "0:00:28"]

1. d4 d5 2. Nf3 Nf6 3. Bf4 c5 4. e3 Nc6 5. Nbd2 cxd4 6. exd4 Qb6 7. Nb3 Bg4 8. Be2 e6 9. O-O a5 10. a4 Be7 11. Re1 O-O 12. Ne5 Bxe2 13. Rxe2 Rfc8 14. h3 Nxe5 15. Bxe5 Rc4 16. c3 Rac8 17. Nc1 Ne4 18. Qb3 Qa6 19. Qd1 b5 20. axb5 Qxb5 21. Qb3 Qxb3 22. Nxb3 a4 23. Na5 a3 24. Nxc4 Rxc4 25. bxa3 Nxc3 26. Rc2 f6 27. Bf4 Kf7 28. Kf1 Na4 29. Rxc4 dxc4 30. Ke2 g5 31. Be3 f5 32. g3 Bf6 33. Rc1 c3 34. Kd3 Kg6 35. Kc4 e5 36. dxe5 Bxe5 37. Kb5 Nb2 38. a4 Nd3 39. Rc2 f4 40. gxf4 gxf4 41. Bc1 Ne1 42. Re2 Nd3 43. Rc2 Ne1 44. Re2 Nd3 45. Rc2 1/2-1/2


[Site "https://www.chess.com"]

[Event "Titled Tuesday Blitz July 6 2021"]
[White "Jarovinsky, Alexey"]
[Black "Howell, David W L"]
[WhiteFideId "14115131"]
[BlackFideId "410608"]
[WhiteElo "2446"]
[BlackElo "2643"]
[Result "0-1"]
[Round "04"]
[TimeControl "180+1"]
[Date "2021.07.06"]
[WhiteClock "0:00:04"]
[BlackClock "0:00:14"]

1. Nc3 d5 2. e4 dxe4 3. Nxe4 Nf6 4. d3 c5 5. Nf3 b6 6. Nxf6+ exf6 7. g3 Bb7 8. Bg2 Nc6 9. O-O Be7 10. b3 Qd7 11. Bb2 Rd8 12. Re1 O-O 13. Qd2 Qc7 14. Qf4 Qxf4 15. gxf4 Bd6 16. f5 Nb4 17. Re2 Rfe8 18. Rae1 Kf8 19. a3 Bxf3 20. Rxe8+ Rxe8 21. Rxe8+ Kxe8 22. axb4 Bd1 23. bxc5 bxc5 24. Bd5 Bxc2 25. Bc4 Bd1 26. Bd5 Bg4 27. Be4 Bd1 28. Bd5 Bg4 29. Be4 Bh3 30. d4 Kd7 31. f3 Kc7 32. Kf2 Kb6 33. Ba3 g6 34. Ke3 Bxf5 35. Bxf5 gxf5 36. Kd3 Kc6 37. Kc4 cxd4 38. Bxd6 Kxd6 39. Kxd4 a5 40. f4 Kc6 41. Kc4 Kb6 42. h3 Kc6 43. b4 a4 44. b5+ Kb6 45. Kb4 a3 46. Kxa3 Kxb5 47. Kb3 Kc5 48. Kc3 Kd5 49. Kd3 h6 50. Ke3 Kc4 51. Kf3 Kd4 52. Kg3 Ke4 53. Kh4 Kxf4 54. Kh5 Kg3 55. h4 f4 56. Kxh6 Kxh4 0-1


[Site "https://www.chess.com"]

[Event "Titled Tuesday Blitz July 6 2021"]
[White "Jodorcovsky Werjivker, Paulo"]
[Black "De Silva, L M S T"]
[WhiteFideId "3700305"]
[BlackFideId "9953698"]
[WhiteElo "2142"]
[BlackElo "1621"]
[Result "0-1"]
[Round "04"]
[TimeControl "180+1"]
[Date "2021.07.06"]
[WhiteClock "0:01:31"]
[BlackClock "0:02:07"]

1. d4 g6 2. e4 Bg7 3. c4 d6 4. f4 Nc6 5. Nf3 Bg4 6. Be3 e5 7. fxe5 dxe5 8. dxe5 Qxd1+ 9. Kxd1 Nxe5 10. Kc2 Nxf3 11. gxf3 Bxf3 12. Rg1 Bxe4+ 13. Bd3 Bxd3+ 14. Kxd3 Bxb2 15. Nc3 Bxa1 16. Rxa1 O-O-O 17. Kc2 Ne7 18. Bg5 Rhe8 19. Re1 Nf5 20. Rb1 Rd6 21. Nb5 Nd4+ 22. Nxd4 Rxd4 23. Kc3 c5 24. Rf1 f5 25. Bf6 Re3+ 26. Kc2 Rxc4+ 27. Kd2 Ra3 28. Re1 Rxa2+ 29. Kd3 Re4 30. Rc1 c4+ 31. Kc3 a5 32. Rd1 b5 33. Rd5 b4# 0-1


[Site "https://www.chess.com"]

[Event "Titled Tuesday Blitz July 6 2021"]
[White "Julianos82"]
[Black "Pert, Richard G"]
[BlackFideId "404748"]
[WhiteElo "2363"]
[BlackElo "2441"]
[Result "1/2-1/2"]
[Round "04"]
[TimeControl "180+1"]
[Date "2021.07.06"]
[WhiteClock "0:01:02"]
[BlackClock "0:01:45"]

1. d4 d5 2. Bf4 Nf6 3. e3 e6 4. Nf3 Bd6 5. Ne5 O-O 6. Bd3 b6 7. Qf3 Ba6 8. c4 c5 9. Nd2 cxd4 10. exd4 Bb4 11. O-O Bxd2 12. Bxd2 Nbd7 13. Bg5 dxc4 14. Nxd7 Qxd7 15. Bxf6 gxf6 16. Bxh7+ Kxh7 17. Qh5+ Kg7 18. Qg4+ Kh7 19. Qh4+ Kg7 20. Qg4+ Kh7 21. Qh5+ Kg7 22. Qg4+ 1/2-1/2


[Site "https://www.chess.com"]

[Event "Titled Tuesday Blitz July 6 2021"]
[White "Kalajzic, Ivan"]
[Black "Pakleza, Zbigniew"]
[WhiteFideId "14506378"]
[BlackFideId "1119290"]
[WhiteElo "2163"]
[BlackElo "2526"]
[Result "1/2-1/2"]
[Round "04"]
[TimeControl "180+1"]
[Date "2021.07.06"]
[WhiteClock "0:00:20"]
[BlackClock "0:00:21"]

1. b3 d5 2. Bb2 Nf6 3. e3 Bf5 4. Nf3 e6 5. d4 Nbd7 6. Bd3 Bg6 7. O-O c6 8. Nbd2 Bd6 9. Ne5 O-O 10. f4 Rc8 11. g4 Bxd3 12. cxd3 c5 13. g5 Ne8 14. Ndf3 Nc7 15. Rc1 Na6 16. Nxd7 Qxd7 17. a3 Qe7 18. Ra1 b5 19. dxc5 Nxc5 20. b4 Na4 21. Bd4 f6 22. Rc1 e5 23. gxf6 gxf6 24. Rxc8 Rxc8 25. fxe5 fxe5 26. Ba1 Kh8 27. Kh1 Nc3 28. Qe1 Na4 1/2-1/2


[Site "https://www.chess.com"]

[Event "Titled Tuesday Blitz July 6 2021"]
[White "Katz, Alexander"]
[Black "Jobava, Baadur"]
[WhiteFideId "2039796"]
[BlackFideId "13601520"]
[WhiteElo "2371"]
[BlackElo "2748"]
[Result "0-1"]
[Round "04"]
[TimeControl "180+1"]
[Date "2021.07.06"]
[WhiteClock "0:00:29"]
[BlackClock "0:01:47"]

1. e4 e5 2. Nf3 Nf6 3. Nxe5 d6 4. Nf3 Nxe4 5. Nc3 Nxc3 6. dxc3 Be7 7. Be3 Nc6 8. Qd2 Bf5 9. O-O-O O-O 10. Nd4 Bg6 11. Bc4 Ne5 12. Be2 c5 13. Nb5 Qa5 14. Kb1 a6 15. Na3 b5 16. f4 Nc6 17. g4 Be4 18. Rhg1 Rfe8 19. f5 d5 20. g5 b4 21. f6 bxa3 22. fxe7 axb2 23. Bd3 Ne5 24. Bxe4 Nc4 25. Qxd5 Na3+ 26. Kxb2 Rab8+ 27. Kc1 Qxc3 28. Bxh7+ Kh8 0-1


[Site "https://www.chess.com"]

[Event "Titled Tuesday Blitz July 6 2021"]
[White "Kavyev, Ruslan"]
[Black "Sychev, Klementy"]
[WhiteFideId "34110981"]
[BlackFideId "4114060"]
[WhiteElo "2172"]
[BlackElo "2615"]
[Result "0-1"]
[Round "04"]
[TimeControl "180+1"]
[Date "2021.07.06"]
[WhiteClock "0:00:18"]
[BlackClock "0:00:31"]

1. d4 Nf6 2. c4 g6 3. Nc3 Bg7 4. e4 d6 5. Be2 O-O 6. Be3 Nc6 7. Nf3 Ng4 8. Bg5 f6 9. Bc1 e5 10. d5 Nd4 11. Nxd4 exd4 12. Qxd4 f5 13. Qd1 Qh4 14. g3 Qe7 15. O-O h5 16. exf5 Bxf5 17. Bf3 Ne5 18. Bg2 Nxc4 19. Re1 Qf7 20. Qb3 Ne5 21. Bg5 Bh3 22. Ne4 Bxg2 23. Kxg2 Nf3 24. Rf1 Rae8 25. Qd3 Rxe4 26. Qxe4 Nxg5 27. Qd3 Nf3 28. Rad1 h4 29. g4 h3+ 30. Kxh3 Qf4 31. Rh1 Ng5+ 32. Kg2 Qxf2# 0-1


[Site "https://www.chess.com"]

[Event "Titled Tuesday Blitz July 6 2021"]
[White "Keymer, Vincent"]
[Black "Mitrabha, Guha"]
[WhiteFideId "12940690"]
[BlackFideId "5057000"]
[WhiteElo "2474"]
[BlackElo "2334"]
[Result "1/2-1/2"]
[Round "04"]
[TimeControl "180+1"]
[Date "2021.07.06"]
[WhiteClock "0:00:06"]
[BlackClock "0:00:15"]

1. Nf3 d5 2. c4 c6 3. e3 Nf6 4. Nc3 Bf5 5. cxd5 cxd5 6. Qb3 Bc8 7. d4 Nc6 8. Bd3 e6 9. O-O Be7 10. Bd2 O-O 11. Rfc1 Bd7 12. Na4 b6 13. Rc2 Ne4 14. Be1 Rb8 15. Rcc1 Qe8 16. Nc3 f5 17. Qd1 Rc8 18. Ba6 Rb8 19. a3 Na5 20. Ne5 Bf6 21. Nxd7 Qxd7 22. Bb5 Qf7 23. Ne2 Rfc8 24. Ba6 Rxc1 25. Rxc1 Bg5 26. Qc2 Bd8 27. f3 Nd6 28. Bg3 Qd7 29. b4 Nac4 30. Bxc4 Rc8 31. Bxd6 Rxc4 32. Qd3 Rxc1+ 33. Nxc1 Qxd6 34. Qc3 h6 35. Nd3 Bg5 36. f4 Bf6 37. Qc8+ Kh7 38. h3 a5 39. Qb7 axb4 40. axb4 Bd8 41. Qc8 Bh4 42. Kh2 Bf6 43. g4 Qe7 44. gxf5 exf5 45. Ne5 Bxe5 46. Qxf5+ g6 47. Qxe5 Qxb4 48. Qc7+ Kg8 49. Qd8+ Kh7 50. Qd7+ Kh8 51. Qe8+ Kh7 52. Qd7+ Kh8 53. Qxd5 Qd2+ 54. Qg2 Qxe3 55. Qa8+ Kg7 56. Qb7+ Kg8 57. Qc8+ Kf7 58. Qc7+ Kf8 59. Qd6+ Kf7 60. Qd5+ Qe6 61. Qb7+ Kf6 62. Qf3 Qa2+ 63. Kg3 Qc4 64. d5 Qd4 65. Qb3 h5 66. h4 Kf5 67. Qc2+ Kf6 68. Qc6+ Kg7 69. Qd7+ Kh6 70. Qe6 Qd3+ 71. Kf2 Qd2+ 72. Kf3 Qd3+ 73. Kf2 b5 74. Qe5 Kh7 75. Qc7+ Kh6 76. Qe5 Kh7 77. d6 b4 78. Qe7+ Kh6 79. d7 Qd2+ 80. Kf3 Qd3+ 81. Kg2 Qd2+ 82. Kg3 Qd3+ 83. Kf2 Qd2+ 84. Kf3 Qd3+ 85. Kf2 1/2-1/2


[Site "https://www.chess.com"]

[Event "Titled Tuesday Blitz July 6 2021"]
[White "Khanin, Semen"]
[Black "pooh2012"]
[WhiteFideId "4111990"]
[WhiteElo "2521"]
[BlackElo "2485"]
[Result "1-0"]
[Round "04"]
[TimeControl "180+1"]
[Date "2021.07.06"]
[WhiteClock "0:00:47"]
[BlackClock "0:00:06"]

1. e4 c6 2. d4 d5 3. Nd2 dxe4 4. Nxe4 Nd7 5. Ng5 Ngf6 6. Bd3 e6 7. N1f3 Bd6 8. Qe2 h6 9. Ne4 Nxe4 10. Qxe4 Qc7 11. Bd2 b6 12. a4 a5 13. Qe2 Bb7 14. O-O-O O-O-O 15. Rhe1 Rhe8 16. Ne5 Nf6 17. c4 Bb4 18. Bc3 c5 19. dxc5 Bxc3 20. bxc3 bxc5 21. Rd2 Rd6 22. Rb2 Re7 23. Kc2 Rb6 24. Rxb6 Qxb6 25. Rb1 Qd6 26. Qe3 Rc7 27. Rb5 Nd7 28. Nxf7 Qxh2 29. Qxe6 Kb8 30. Nd6 Qxg2 31. Nxb7 Rxb7 32. Qxd7 Qxf2+ 33. Kb3 Rxb5+ 34. Qxb5+ Kc8 35. Qc6+ 1-0


[Site "https://www.chess.com"]